 Dungeon Crawl Stone Soup version 0.31-a0-1236-gaa9e43cceb (webtiles) character file.

Game seed: 14349836881143585981

4851 MacCMillion the Cleaver (level 10, -1/88 HPs)
             Began as a Minotaur Fighter on Dec 15, 2023.
             Was an Elder of Okawaru.
             Slain by a sun demon (9 damage)
             ... summoned by a kobold demonologist
             ... on level 9 of the Dungeon.
             The game lasted 00:11:34 (10058 turns).

MacCMillion the Cleaver (Minotaur Fighter)         Turns: 10058, Time: 00:11:35

Health: -1/88      AC: 12    Str: 25    XL:     10   Next: 25%
Magic:  0/14       EV: 10    Int:  5    God:    Okawaru [****..]
Gold:   612        SH:  4    Dex: 10    Spells: 9/9 levels left

rFire   . . .        a - +0 war axe
rCold   . . .        c - +0 buckler
rNeg    + . .        b - +0 scale mail
rPois   .            (helmet restricted)
rElec   .            M - scarf {repulsion}
rCorr   .            (no gloves)
SInv    .            (no boots)
Will    .....        s - amulet of guardian spirit Stlth
                     e - ring of positive energy
HPRegen 0.34/turn    D - +4 ring of protection
MPRegen 0.14/turn

%: repel missiles, guardian spirit
@: no status effects
A: horns 2, retaliatory headbutt
a: Renounce Religion, Heroism, Finesse


You were on level 9 of the Dungeon.
You worshipped Okawaru.
Okawaru was greatly pleased with you.
You visited 2 branches of the dungeon, and saw 10 of its levels.

You collected 612 gold pieces.

Inventory:

Hand Weapons
 a - a +0 war axe (weapon)
 L - a +5 flail
Missiles
 o - 8 boomerangs (quivered)
 F - 6 javelins
 J - 8 poisoned darts
 N - a curare-tipped dart
Armour
 b - a +0 scale mail (worn)
 c - a +0 buckler (worn)
 h - a +0 tower shield
 I - a +0 cloak
 M - a scarf of repulsion (worn)
Jewellery
 e - a ring of positive energy (left hand)
 s - an amulet of guardian spirit (around neck)
 D - a +4 ring of protection (right hand)
 K - a ring of protection from fire
 P - a +6 ring of strength
Wands
 m - a wand of iceblast (37)
 x - a wand of charming (9)
 A - a wand of digging (6)
 G - a wand of flame (29)
Scrolls
 f - 6 scrolls of enchant weapon {unknown}
 g - 2 scrolls of vulnerability {unknown}
 j - a scroll of silence {unknown}
 l - 5 scrolls of identify {unknown}
 n - 4 scrolls of noise {unknown}
 p - 2 scrolls of blinking {unknown}
 r - 2 scrolls of amnesia {unknown}
 t - 2 scrolls of teleportation {unknown}
 w - a scroll of brand weapon {unknown}
 y - a scroll of immolation {unknown}
 H - 2 scrolls of fog {unknown}
 O - a scroll of poison {unknown}
Potions
 d - 2 potions of might
 i - 2 potions of berserk rage {unknown}
 k - 3 potions of enlightenment {unknown}
 q - 2 potions of resistance {unknown}
 u - 2 potions of curing {unknown}
 v - a potion of ambrosia {unknown}
 z - 2 potions of haste {unknown}
 B - a potion of attraction {unknown}
 C - a potion of magic {unknown}
 E - a potion of brilliance {unknown}


   Skills:
 + Level 8.0 Fighting
 + Level 12.1 Axes
 + Level 8.0 Armour
 - Level 3.0 Dodging
 - Level 4.0 Shields
 + Level 6.7 Invocations


You had 9 spell levels left.
You didn't know any spells.
Your spell library contained the following spells:

 Spells                   Type           Power      Damage    Failure   Level
 Foxfire                  Conj/Fire      0%         2x1d4     80%         1
 Ozocubu's Armour         Ice            0%         N/A       99%         3
 Plasma Beam              Fire/Air       0%         2x1d10    100%        6
 Starburst                Conj/Fire      0%         6d3       100%        6
 Orb of Destruction       Conj           0%         9d5       100%        7
 Ozocubu's Refrigeration  Ice            0%         4d7       100%        7
 Summon Guardian Golem    Hex/Summ       Unusable   N/A       N/A         3
 Spellforged Servitor     Conj/Summ      Unusable   N/A       N/A         7

Dungeon Overview and Level Annotations

Branches:
Dungeon (9/15)             Temple (1/1) D:4
   Lair: D:8-11         Orc: D:9-12

Altars:
Ashenzari
Cheibriados
Dithmenos
Elyvilon
Fedhas
Gozag
Hepliaklqana
Kikubaaqudgha
Makhleb
Nemelex Xobeh
Okawaru
Qazlal
Ru
Sif Muna
Trog
Uskayaw
Vehumet
Xom
Zin
The Shining One

Shops:
D:8 (

Annotations:
D:3 Sigmund
D:7 3 runed translucent doors, Crazy Yiuf


Innate Abilities, Weirdness & Mutations

You have a pair of horns on your head.
You reflexively headbutt those who attack you in melee.


Message History

The troll barely misses you. You furiously retaliate!
You headbutt the troll.
You kill the troll!
Okawaru accepts your kill.
The troll leather armour is intact enough to wear.
Your Fighting skill increases to level 8!
Your Armour skill increases to level 8!
You start resting.
Magic restored.
HP restored.
You climb downwards.
The kobold demonologist casts a spell.
There is a stone staircase leading up here.
You barely miss the sun demon. Your headbutt misses the sun demon.
You closely miss the kobold demonologist.
The kobold demonologist barely misses you.
The sun demon hits you!
You are engulfed in flames!
You hit the sun demon.
The sun demon is lightly wounded.
You slash the kobold demonologist!
The kobold demonologist looks braver for a moment.
The sun demon hits you.
You are engulfed in flames!
You hit the kobold demonologist.
Your headbutt misses the kobold demonologist.
The kobold demonologist is moderately wounded.
You hit the sun demon but do no damage. The sun demon hits you!
You are engulfed in flames!
The kobold demonologist hits you with a +0 dagger.
* * * LOW HITPOINT WARNING * * *
You slice the kobold demonologist!!
The kobold demonologist is severely wounded.
You hit the sun demon but do no damage. The sun demon hits you.
* * * LOW HITPOINT WARNING * * *
You are engulfed in flames!
* * * LOW HITPOINT WARNING * * *
The kobold demonologist hits you with a +0 dagger.
* * * LOW HITPOINT WARNING * * *
You miss the kobold demonologist.
The kobold demonologist is severely wounded.
You closely miss the sun demon. The sun demon hits you!
You die...

#########
###...>...#
###.........# .
#...#.....<3#
..####4###.....K@#
..4....# #.......#
..###### #.......#
# ##.###### #.#
#.. ###


You could see a sun demon (summoned) and a kobold demonologist.

Vanquished Creatures
  A cyclops (D:8)
  A troll (D:8)
  A wyvern (D:8)
  5 yaks (D:8)
  2 steam dragons (D:8)
  Menkaure (D:4)
  2 water moccasins
  2 ice beasts (D:7)
  A black bear (D:4)
  A sky beast (D:7)
  3 ogres
  2 centaurs (D:7)
  2 phantoms
  2 kobold brigands
  3 scorpions
  4 wights
  4 killer bees
  5 howler monkeys
  2 jellies
  3 orc priests
  6 hounds
  A sleepcap (D:8)
  6 orc wizards
  Ijyb (D:4)
  2 iguanas
  7 gnolls
  3 adders
  2 ufetubi (D:5)
  3 worms
  2 dart slugs
  14 orcs
  11 ball pythons
  8 bats
  4 endoplasms
  11 goblins
  7 hobgoblins
  3 jackals (D:1)
  4 quokkas
  4 frilled lizards
  15 kobolds
  3 rats
164 creatures vanquished.

Vanquished Creatures (others)
  Maurice (D:7)
1 creature vanquished.

Grand Total: 165 creatures vanquished

Notes
Turn   | Place    | Note
-------+----------+-------------------------------------------
     0 | D:1      | MacCMillion the Minotaur Fighter began the quest for the
                  | Orb.
     0 | D:1      | Reached XP level 1. HP: 19/19 MP: 0/0
   264 | D:1      | Reached skill level 3 in Axes
   264 | D:1      | Reached XP level 2. HP: 26/26 MP: 1/1
   478 | D:1      | Reached skill level 4 in Axes
   493 | D:1      | Reached XP level 3. HP: 31/31 MP: 2/2
  1556 | D:3      | Found a blossoming altar of Fedhas.
  1599 | D:3      | Reached skill level 5 in Axes
  1599 | D:3      | Reached XP level 4. HP: 39/39 MP: 3/3
  1827 | D:3      | Noticed Sigmund
  2938 | D:4      | Found a staircase to the Ecumenical Temple.
  3037 | Temple   | Entered the Ecumenical Temple
  3054 | Temple   | Became a worshipper of Warmaster Okawaru
  3146 | D:4      | Noticed a phantom
  3159 | D:4      | Killed a phantom
  3160 | D:4      | Reached skill level 6 in Axes
  3160 | D:4      | Reached skill level 1 in Invocations
  3160 | D:4      | Reached XP level 5. HP: 37/45 MP: 2/5
  3285 | D:4      | Noticed an ogre
  3294 | D:4      | Killed an ogre
  3295 | D:4      | Reached XP level 6. HP: 26/51 MP: 2/7
  3453 | D:4      | Noticed Menkaure
  3459 | D:4      | Killed Menkaure
  3459 | D:4      | Reached * piety under Okawaru
  3460 | D:4      | Reached skill level 7 in Axes
  3593 | D:4      | Reached skill level 8 in Axes
  3663 | D:4      | Found a white marble altar of Elyvilon.
  4138 | D:5      | Entered Level 5 of the Dungeon
  4138 | D:5      | Noticed Ijyb
  4146 | D:4      | Reached XP level 7. HP: 43/57 MP: 4/8
  4258 | D:4      | Killed Ijyb
  4375 | D:4      | Reached skill level 9 in Axes
  4817 | D:5      | Reached skill level 10 in Axes
  5076 | D:5      | Reached ** piety under Okawaru
  5085 | D:4      | Reached skill level 1 in Dodging
  5085 | D:4      | Reached XP level 8. HP: 26/66 MP: 2/9
  6141 | D:6      | Found a bloodstained altar of Trog.
  6842 | D:6      | Reached skill level 5 in Fighting
  6842 | D:6      | Reached skill level 5 in Armour
  7097 | D:7      | Reached *** piety under Okawaru
  7161 | D:7      | Reached XP level 9. HP: 66/74 MP: 9/11
  7325 | D:7      | Noticed Maurice
  7341 | D:7      | Something stole 8 boomerangs
  7342 | D:7      | Something stole a +0 tower shield
  7345 | D:7      | Something stole 389 gold
  7349 | D:7      | Killed Maurice
  7350 | D:7      | Reached skill level 11 in Axes
  7560 | D:7      | Found a runed translucent door.
  7561 | D:7      | Noticed Crazy Yiuf
  7602 | D:7      | Reached skill level 5 in Invocations
  7972 | D:7      | Found a large runed translucent door.
  7973 | D:7      | Found a large runed translucent door.
  8133 | D:7      | Found a glowing golden altar of the Shining One.
  8392 | D:7      | Found a glowing silver altar of Zin.
  8942 | D:8      | Reached **** piety under Okawaru
  8959 | D:8      | Reached XP level 10. HP: 46/86 MP: 7/13
  9265 | D:8      | Noticed a cyclops
  9286 | D:8      | Killed a cyclops
  9287 | D:8      | Reached skill level 12 in Axes
  9531 | D:8      | Found Burreas's Weapon Emporium.
  9580 | D:8      | Identified the +9 short sword "Hiutwon" {heavy, Will-
                  | Str+7}
  9898 | D:8      | Found a sparkling altar of Nemelex Xobeh.
 10054 | D:9      | Noticed a sun demon
 10058 | D:9      | Slain by a sun demon

Illustrated notes

Levels and vault maps discovered:
D:1:      dpeg_arrival_castle, layout_basic, minmay_misc_feat_chi
D:2:      layout_basic
D:3:      layout_loops_ring, mainiacjoe_overflow_tiny_flanked, uniq_sigmund
D:4:      layout_loops_corners, nicolae_elyvilon_temple_path,
          minmay_temple_entry_glassed_door, uniq_menkaure
D:5:      layout_cave_pools, corexii_shack, uniq_ijyb
D:6:      layout_basic, trog_hazing_becter, grunt_ministairs_6
D:7:      layout_basic, zin_treasury, jmf_multi_god_temple2,
          nicolae_tso_swordbearing_angel, uniq_crazy_yiuf_cottage, uniq_maurice
D:8:      layout_cave_pools, nemelex_xobeh_ov_fountains_minmay,
          hangedman_decor_push, roderic_lattice_a, nicolae_take_the_stairs
D:9:      layout_roguey, orc_0_dummy, uniq_pikel
Temple:   nicolae_temple_ecumenical_triangle

Skill      XL: |  1  2  3  4  5  6  7  8  9 10 |
---------------+-------------------------------+-----
Shields        | 4 |  4.0
Axes           | 3 4 5 6 8 10 11 12 | 12.1
Invocations    | 1 2 3 4 6 |  6.7
Fighting       | 4 5 7 8 |  8.0
Armour         | 4 5 7 8 |  8.0
Dodging        | 1 3 |  3.0

Action                     |  1- 3 |  4- 6 |  7- 9 | 10-12 || total
---------------------------+-------+-------+-------+-------++-------
  Melee: War axe           |    94 |    84 |   308 |    42 ||   528
         Headbutt          |     6 |    16 |    48 |     8 ||    78
  Throw: Boomerang         |       |     5 |     3 |       ||     8
 Invoke: Heroism           |       |       |     1 |       ||     1
 Armour: Scale mail        |    73 |    56 |   280 |    36 ||   445
  Dodge: Dodged            |    44 |    34 |   136 |    23 ||   237
  Block: Buckler           |    25 |    23 |    56 |     4 ||   108

Table legend: (Time is in decaauts)
 A = Elapsed time spent in this place.
 B = Non-inter-level travel time spent in this place.
 C = Inter-level travel time spent in this place.
 D = Time resting spent in this place.
 E = Time spent auto-exploring this place.
 F = Levels seen in this place.
 G = Mean time per level.
                   A        B        C        D        E       F      G
               +--------+--------+--------+--------+--------+-----+--------+
         Total |  10131 |   9584 |    547 |   2718 |   5297 |  10 | 1013.1 |
       Dungeon |  10097 |   9566 |    531 |   2718 |   5297 |   9 | 1121.9 |
        Temple |     34 |     18 |     16 |      0 |      0 |   1 |   34.0 |
               +--------+--------+--------+--------+--------+-----+--------+

Top non-repeatable levels by time:
     D:4: 1789 daAuts
     D:7: 1612 daAuts
     D:8: 1381 daAuts
     D:6: 1380 daAuts
     D:2: 1223 daAuts
     D:5: 960 daAuts
     D:3: 926 daAuts
     D:1: 783 daAuts
     D:9: 39 daAuts
  Temple: 34 daAuts
